[Event "36th Indian-ch U13 Open 2023"]
[Site "Secunderabad"]
[Date "2023.12.07"]
[Round "6.2"]
[White "Siddhanth Poonja"]
[Black "Adharsh K"]
[Result "1/2-1/2"]
[ECO "D00"]
[WhiteElo "1806"]
[BlackElo "1831"]
[Annotator "NA RC"]
[PlyCount "107"]
[EventDate "2023.12.04"]
[EventType "swiss"]
[EventCountry "IND"]
[SourceTitle "playchess.com"]
[Source "ChessBase"]
[SourceQuality "1"]
[TimeControl "5400+30"]

1. d4 Nf6 2. Nc3 d5 3. Bf4 g6 4. e3 Bg7 5. Nb5 Na6 6. h3 O-O 7. Nf3 c6 8. Nc3 Nc7 9. Be2 Nce8 10. O-O Nd6 11. Be5 Bf5 12. Bd3 Nfe4 13. Bxe4 Nxe4 14. Nxe4 Bxe4 15. Bxg7 Kxg7 $11 16. Nd2 Bf5 17. c3 a5 18. Re1 a4 19. a3 Qb6 20. Qc1 Bd3 21. e4 e6 22. Re3 dxe4 23. Nxe4 Bxe4 24. Rxe4 Ra5 25. Qc2 Rb5 26. Re2 Rb3 27. Rae1 Rd8 28. Rd2 Kg8 29. Ree2 Qa5 30. Qe4 Qg5 31. Qe3 Qxe3 32. Rxe3 Kf8 33. Kf1 Ke7 34. Ke2 c5 35. d5 Rb6 36. Re4 Rbd6 37. Rxa4 Rxd5 38. Rxd5 Rxd5 39. Ra7 Rd7 40. a4 Kd6 41. Ra8 Kc6 42. b3 Kb6 43. Rc8 Rd6 44. g4 h5 45. gxh5 gxh5 46. a5+ Kb5 47. Rc7 f5 48. Rxb7+ Kxa5 49. Ra7+ Kb5 50. Rb7+ Ka6 51. Rc7 Kb5 52. Rb7+ Ka6 53. Rc7 Kb5 54. Rb7+ 1/2-1/2

[Event "36th Indian-ch U13 Open 2023"]
[Site "Secunderabad"]
[Date "2023.12.07"]
[Round "6.3"]
[White "Shreyash Singh"]
[Black "Vivaan Vijay Saraogi"]
[Result "0-1"]
[ECO "B94"]
[WhiteElo "1637"]
[BlackElo "1982"]
[Annotator "RC"]
[PlyCount "130"]
[EventDate "2023.12.04"]
[EventType "swiss"]
[EventCountry "IND"]
[SourceTitle "playchess.com"]
[Source "ChessBase"]
[SourceQuality "1"]
[TimeControl "5400+30"]

1. e4 c5 2. Nf3 d6 3. d4 cxd4 4. Nxd4 Nf6 5. Nc3 a6 6. Bg5 Nbd7 7. Bc4 Qb6 8. Bb3 e6 9. Bxf6 Nxf6 10. Qd2 Be7 11. O-O-O O-O 12. f4 Qc7 13. f5 e5 14. Nde2 b5 15. Nd5 Nxd5 16. Bxd5 Rb8 17. g4 Qd8 18. Kb1 b4 19. Ng1 Bb7 20. Bxb7 Rxb7 21. h4 Rb5 22. g5 f6 23. Nf3 d5 24. exd5 e4 25. gxf6 exf3 26. fxe7 Qxe7 27. Qf4 Qd7 28. Qxf3 Rxf5 29. Qb3 Rfxd5 30. Rhe1 Qf7 31. Rxd5 Qxd5 32. Qe3 Rb8 33. Qe6+ Qxe6 34. Rxe6 Rf8 35. Kc1 Rf4 36. h5 Rf5 37. h6 gxh6 38. Rxh6 a5 39. Kd2 Kg7 40. Rh4 h5 41. c4 bxc3+ 42. Kxc3 Kg6 43. b4 Kg5 44. Rh2 Rf3+ 45. Kd4 axb4 46. Ke5 Re3+ 47. Kd4 Rg3 48. Rb2 h4 49. Rh2 Rg4+ 50. Ke3 Rg3+ 51. Kf2 Rc3 52. Ke1 Rc1+ 53. Kd2 Rf1 54. Ke2 Rf4 55. Rg2+ Rg4 56. Rh2 Rg3 57. Kf2 Kg4 58. Rh1 Rf3+ 59. Ke2 Ra3 60. Ra1 Kg3 61. Kf1 b3 62. Rb1 bxa2 63. Ra1 h3 64. Kg1 Rb3 65. Rxa2 Rb1# 0-1

[Event "36th Indian-ch U13 Open 2023"]
[Site "Secunderabad"]
[Date "2023.12.07"]
[Round "6.5"]
[White "Sharnarthi Viresh"]
[Black "Challa Saharsha"]
[Result "1-0"]
[ECO "C44"]
[WhiteElo "1850"]
[BlackElo "1674"]
[Annotator "NA RC"]
[PlyCount "83"]
[EventDate "2023.12.04"]
[EventType "swiss"]
[EventCountry "IND"]
[SourceTitle "playchess.com"]
[Source "ChessBase"]
[SourceQuality "1"]
[TimeControl "5400+30"]

1. d4 d5 2. c4 Nc6 3. cxd5 Qxd5 4. Nf3 e5 5. Nc3 Bb4 6. e3 exd4 7. exd4 Nf6 8. Bd3 O-O 9. O-O Bxc3 10. bxc3 $11 Re8 11. h3 Bf5 12. c4 Qd7 13. d5 Bxd3 14. Qxd3 Ne4 15. Bb2 f5 16. Rad1 Rad8 17. Rfe1 Qf7 18. Qa3 Ne7 19. Ne5 Qh5 20. f3 Nf6 21. Qxa7 Ra8 22. Qd4 Rxa2 23. d6 cxd6 24. Qxd6 Rxb2 25. Qe6+ Kf8 26. g4 fxg4 27. fxg4 Rb6 28. Qxb6 Qxh3 29. Re3 Qh6 30. Rde1 Nxg4 31. Rf3+ Kg8 32. Qxh6 Nxh6 33. Nd7 g6 34. Nf6+ Kf7 35. Nxe8+ Kxe8 36. Rb3 Nhf5 37. Rxb7 Kd8 38. c5 h5 39. Re6 h4 40. c6 g5 41. Rbxe7 Nxe7 42. c7+ 1-0

[Event "36th Indian-ch U13 Open 2023"]
[Site "Secunderabad"]
[Date "2023.12.07"]
[Round "6.6"]
[White "Aarav Saish Amonkar"]
[Black "Reyan"]
[Result "1-0"]
[ECO "A45"]
[WhiteElo "1624"]
[BlackElo "1842"]
[Annotator "NA RC"]
[PlyCount "67"]
[EventDate "2023.12.04"]
[EventType "swiss"]
[EventCountry "IND"]
[SourceTitle "playchess.com"]
[Source "ChessBase"]
[SourceQuality "1"]
[TimeControl "5400+30"]

1. d4 Nf6 2. Bg5 d5 3. Nd2 g6 4. Bxf6 exf6 5. e3 Bg7 6. g3 O-O 7. Bg2 c6 8. Ne2 f5 9. O-O Nd7 10. c4 Nf6 {[%emt 0:01:06] 10...Nf6 is better than 10...dxc4.} 11. Rc1 {[%emt 0:07:53] [#]} Bh6 $146 ({Predecessor:} 11... Ne4 12. Qc2 Be6 13. Nf4 Rc8 14. Rfd1 Qe7 15. a3 g5 16. Nxe6 fxe6 17. b4 Nf6 {1-0 Runcan,D (1896)-Liu,Z (1542) Auckland Trusts op 45th 2023 (1)}) 12. Nc3 Be6 13. cxd5 Nxd5 14. Nxd5 Bxd5 15. Bxd5 Qxd5 16. Qb3 Qd7 17. Nf3 Bg7 18. Rfd1 Rad8 19. Kg2 $11 Rfe8 20. h4 Qe7 21. d5 c5 22. Qb5 b6 23. b4 cxb4 24. d6 Qd7 25. Qxb4 Rc8 26. Nd4 Bf8 27. Nb5 a5 28. Qb3 Rxc1 29. Rxc1 Re5 30. Rc7 Qe6 31. Qxe6 fxe6 32. d7 Rd5 33. Nd4 e5 34. Nc6 1-0

[Event "36th Indian-ch U13 Open 2023"]
[Site "Secunderabad"]
[Date "2023.12.07"]
[Round "6.7"]
[White "Venkat, Raghav"]
[Black "Ram Vishal Parab"]
[Result "1-0"]
[ECO "C54"]
[WhiteElo "2205"]
[BlackElo "1686"]
[Annotator "RC"]
[PlyCount "121"]
[EventDate "2023.12.04"]
[EventType "swiss"]
[EventCountry "IND"]
[SourceTitle "playchess.com"]
[Source "ChessBase"]
[SourceQuality "1"]
[TimeControl "5400+30"]

1. e4 e5 2. Nf3 Nc6 3. Bc4 Bc5 4. c3 Nf6 5. d3 d6 6. O-O h6 7. Re1 O-O 8. Bb3 a6 9. h3 Ba7 10. Nbd2 Re8 11. Nf1 Be6 12. Bc2 d5 13. exd5 Bxd5 14. Ng3 Qd7 15. Be3 Bxe3 16. Rxe3 Rad8 17. Qe2 Bxf3 18. Qxf3 Qd5 19. Qe2 Qd7 20. Re1 Nd5 21. Rf3 Nf4 22. Qf1 Ne6 23. Rfe3 Nf4 24. Ne4 b6 25. Nd2 Re6 26. Kh2 Rde8 27. Bb3 Rg6 28. g3 Nd5 29. R3e2 Rd8 30. Nf3 Re6 31. Nxe5 Nxe5 32. Rxe5 Rxe5 33. Rxe5 Nf6 34. d4 a5 35. Qe2 Re8 36. Kg1 Rxe5 37. dxe5 Qe7 38. Qe3 Nh7 39. h4 Nf8 40. h5 Ne6 41. f4 Qc5 42. Qxc5 Nxc5 43. Bc2 Kf8 44. Kf2 Ke7 45. Ke3 Ne6 46. Bb3 Nc5 47. Kd4 f6 48. exf6+ gxf6 49. g4 c6 50. Bc4 Nd7 51. b4 axb4 52. cxb4 c5+ 53. bxc5 Nxc5 54. Kd5 Nb7 55. Bd3 Nd8 56. Bf5 b5 57. Kc5 Nb7+ 58. Kxb5 Nd6+ 59. Kc6 Nc4 60. a4 Na5+ 61. Kb5 1-0

[Event "36th Indian-ch U13 Open 2023"]
[Site "Secunderabad"]
[Date "2023.12.07"]
[Round "6.8"]
[White "Aakash G"]
[Black "Mridav M"]
[Result "0-1"]
[ECO "E61"]
[WhiteElo "1935"]
[BlackElo "1545"]
[Annotator "RC"]
[PlyCount "94"]
[EventDate "2023.12.04"]
[EventType "swiss"]
[EventCountry "IND"]
[SourceTitle "playchess.com"]
[Source "ChessBase"]
[SourceQuality "1"]
[TimeControl "5400+30"]

1. d4 Nf6 2. c4 g6 3. Nc3 Bg7 4. Nf3 O-O 5. Bg5 d6 6. e3 c5 7. Be2 cxd4 8. exd4 h6 9. Bh4 Bf5 10. O-O Nbd7 11. h3 g5 12. Bg3 Bg6 13. Bd3 Bxd3 14. Qxd3 Nh5 15. Bh2 f5 16. Qe2 Nf4 17. Bxf4 gxf4 18. c5 e5 19. cxd6 e4 20. Ne5 Nxe5 21. dxe5 Bxe5 22. f3 e3 23. Rad1 Kh8 24. Nd5 Qd7 25. Kh1 Rad8 26. g3 fxg3 27. Nxe3 Qg7 28. Nc4 Bf4 29. a4 g2+ 30. Qxg2 Qf7 31. Rd4 Rg8 32. Qf2 Qh5 33. h4 Bg3 34. Qg2 Bxd6 35. Qe2 Bc7 36. Qe7 Rxd4 37. Qf6+ Rg7 38. Qxd4 f4 39. Qf6 Kh7 40. Rf2 Qc5 41. Rf1 Qxc4 42. Qf5+ Kh8 43. Re1 Qc6 44. Qf8+ Kh7 45. Qf5+ Qg6 46. Qh3 Bb6 47. Qh2 Be3 0-1

[Event "36th Indian-ch U13 Open 2023"]
[Site "Secunderabad"]
[Date "2023.12.07"]
[Round "6.9"]
[White "Rishit Sharma"]
[Black "Vihaan Dumir"]
[Result "0-1"]
[ECO "B13"]
[WhiteElo "1534"]
[BlackElo "1798"]
[Annotator "NA RC"]
[PlyCount "110"]
[EventDate "2023.12.04"]
[EventType "swiss"]
[EventCountry "IND"]
[SourceTitle "playchess.com"]
[Source "ChessBase"]
[SourceQuality "1"]
[TimeControl "5400+30"]

1. e4 c6 2. d4 d5 3. exd5 cxd5 4. Bd3 Nf6 5. h3 Nc6 6. c3 g6 7. Qc2 e5 8. dxe5 Nxe5 9. Bf4 Nxd3+ 10. Qxd3 Bg7 11. Nf3 O-O 12. O-O Bf5 13. Qb5 Qc8 14. Nbd2 a6 15. Qb6 Nd7 16. Qc7 Nc5 17. g4 Bd3 18. Rfc1 Qxc7 19. Bxc7 Na4 20. Bd6 Rfc8 21. Ba3 Rc7 22. Ne1 Bb5 23. Nb3 Nb6 24. Bc5 Nc4 25. Nd3 Nd2 26. Nxd2 Bxd3 27. Be3 f5 28. g5 Rac8 29. Nb3 Kf7 30. f4 h6 31. h4 hxg5 32. hxg5 Be4 33. Nd2 d4 34. Nxe4 fxe4 35. cxd4 Rxc1+ 36. Rxc1 Rxc1+ 37. Bxc1 Bxd4+ 38. Kg2 Ke6 39. b3 Kf5 40. Kg3 Bc5 41. a3 b5 42. a4 bxa4 43. bxa4 Bd4 44. Ba3 Be3 45. Bd6 Bd2 46. Bc7 Be1+ 47. Kh3 e3 48. Kg2 Kg4 49. Kf1 Bg3 50. f5 Bxc7 51. fxg6 Kf3 52. Ke1 e2 53. Kd2 Ba5+ 54. Kd3 e1=Q 55. g7 Qc3# 0-1

[Event "36th Indian-ch U13 Open 2023"]
[Site "Secunderabad"]
[Date "2023.12.07"]
[Round "6.10"]
[White "Vedant Garg"]
[Black "Malvin Joshua"]
[Result "0-1"]
[ECO "B13"]
[WhiteElo "1752"]
[BlackElo "1540"]
[Annotator "NA RC"]
[PlyCount "96"]
[EventDate "2023.12.04"]
[EventType "swiss"]
[EventCountry "IND"]
[SourceTitle "playchess.com"]
[Source "ChessBase"]
[SourceQuality "1"]
[TimeControl "5400+30"]

1. e4 c6 2. d4 d5 3. exd5 cxd5 4. Bd3 Nc6 5. c3 Nf6 6. Bf4 Bg4 7. Qb3 Qd7 8. Nd2 e6 9. Ngf3 Bd6 10. Bxd6 Qxd6 11. O-O O-O 12. Rae1 Bxf3 13. Nxf3 Nd7 14. Qc2 h6 15. Qe2 Rab8 16. a3 a6 17. Ne5 Ncxe5 18. dxe5 Qe7 19. f4 Rfe8 20. Qh5 b5 21. Rf3 Nf8 22. Ree3 f5 23. g4 fxg4 24. Qxg4 Rbd8 25. Rh3 Kh8 26. Reg3 Qf7 27. Rh5 d4 28. Rgh3 Nh7 29. Qh4 Qe7 30. Qxe7 Rxe7 31. c4 bxc4 32. Bxc4 Rc7 33. Bd3 Nf8 34. Rg3 a5 35. Rg2 Rc1+ 36. Kf2 Nd7 37. b4 Rc3 38. Ke2 axb4 39. axb4 Ra8 40. Rg3 Ra2+ 41. Kd1 Nb6 42. Be4 Na4 43. Rhh3 Rxg3 44. Rxg3 Nc3+ 45. Rxc3 dxc3 46. b5 Rb2 47. Bc6 Kg8 48. Bd7 Rd2+ 0-1

[Event "36th Indian-ch U13 Open 2023"]
[Site "Secunderabad"]
[Date "2023.12.07"]
[Round "7.1"]
[White "Vivaan Vijay Saraogi"]
[Black "Mrinmoy Rajkhowa"]
[Result "1-0"]
[ECO "B96"]
[WhiteElo "1982"]
[BlackElo "1840"]
[Annotator "NA RC"]
[PlyCount "83"]
[EventDate "2023.12.04"]
[EventType "swiss"]
[EventCountry "IND"]
[SourceTitle "playchess.com"]
[Source "ChessBase"]
[SourceQuality "1"]
[TimeControl "5400+30"]

1. e4 c5 2. Nf3 d6 3. d4 cxd4 4. Nxd4 Nf6 5. Nc3 a6 6. Bg5 e6 7. f4 h6 8. Bh4 Qb6 9. Qd2 Qxb2 10. Rb1 Qa3 11. f5 Be7 12. Be2 (12. fxe6 $11 fxe6 13. Be2) 12... O-O (12... Nxe4 13. Nxe4 Bxh4+ 14. g3 $11) (12... e5 $5 13. Bxf6 Bxf6 $15) 13. fxe6 fxe6 14. O-O Qa5 $11 15. Bc4 Qc5 16. Bb3 Nc6 17. Bf2 Qe5 18. Nxc6 bxc6 19. Bg3 Qc5+ 20. Kh1 Nh5 21. Rxf8+ Bxf8 22. Bh4 Qe5 23. Rf1 d5 24. exd5 Bd6 25. g4 Nf4 26. Bg3 g5 27. Re1 Qg7 28. dxe6 Be7 29. Bxf4 gxf4 30. Qxf4 Bb7 31. Qf7+ Qxf7 32. exf7+ Kf8 33. Kg2 Rd8 34. Rd1 c5+ 35. Kg3 Bd6+ 36. Kf2 Bc8 37. h3 Bb7 38. Rd3 Ke7 39. Ne4 Bc7 40. Rxd8 Bxd8 41. Nf6 Bb6 42. Bc4 1-0

[Event "36th Indian-ch U13 Open 2023"]
[Site "Secunderabad"]
[Date "2023.12.07"]
[Round "7.3"]
[White "Adharsh K"]
[Black "Aarav Saish Amonkar"]
[Result "1-0"]
[ECO "C54"]
[WhiteElo "1831"]
[BlackElo "1624"]
[Annotator "NA RC"]
[PlyCount "149"]
[EventDate "2023.12.04"]
[EventType "swiss"]
[EventCountry "IND"]
[SourceTitle "playchess.com"]
[Source "ChessBase"]
[SourceQuality "1"]
[TimeControl "5400+30"]

1. e4 e5 2. Nf3 Nc6 3. Bc4 Nf6 4. d3 Bc5 5. O-O d6 6. c3 a6 7. a4 Ba7 8. Nbd2 h6 9. Bb3 Qe7 10. Bc2 g5 11. Nc4 g4 12. Ne1 h5 13. Bg5 Be6 14. Ne3 O-O-O {[%emt 0:01:51] [#]} 15. Bh4 $1 d5 16. exd5 Bxd5 17. b4 Nb8 $18 (17... Qe6 $16) 18. Qe2 Be6 19. d4 exd4 20. Nf5 Qd7 21. Bxf6 Bxf5 22. Bxh8 Bxc2 23. Bxd4 Bxd4 24. Nxc2 Bxc3 25. Rad1 Qf5 26. Rxd8+ Kxd8 27. Ne3 Qe4 28. Qa2 Qe6 29. Qa3 Be5 30. Qd3+ Bd6 31. Qh7 Qe5 32. Qg8+ Ke7 33. g3 Nc6 34. Re1 Kd7 35. Ng2 Ne7 36. Qxf7 Qg5 37. Nf4 c6 38. Qe6+ Kc7 39. Rd1 Qe5 40. Qxe5 Bxe5 41. Ne6+ Kb8 42. Rd7 Nd5 43. b5 axb5 44. axb5 Nf6 45. bxc6 bxc6 46. Rd1 Ne4 47. Rc1 Nc3 48. Kf1 Kc8 49. Nf4 Kd7 50. Nxh5 c5 51. Nf4 c4 52. Ke1 Kc6 53. Ne2 Nxe2 54. Kxe2 Kd5 55. f3 gxf3+ 56. Kxf3 Kd4 57. Rd1+ Kc3 58. Ke4 Bh8 59. Rd8 Bg7 60. Rd7 Bf6 61. h4 Kc2 62. Kf5 Bh8 63. h5 c3 64. h6 Kb1 65. Rb7+ Ka2 66. g4 c2 67. Rc7 Kb2 68. Rxc2+ Kxc2 69. g5 Bc3 70. g6 Bd2 71. h7 Bc3 72. Ke6 Kd3 73. Kf7 Ke4 74. g7 Bxg7 75. Kxg7 1-0

[Event "36th Indian-ch U13 Open 2023"]
[Site "Secunderabad"]
[Date "2023.12.07"]
[Round "7.4"]
[White "Vihaan Dumir"]
[Black "Siddhanth Poonja"]
[Result "1-0"]
[ECO "B23"]
[WhiteElo "1798"]
[BlackElo "1806"]
[Annotator "NA RC"]
[PlyCount "63"]
[EventDate "2023.12.04"]
[EventType "swiss"]
[EventCountry "IND"]
[SourceTitle "playchess.com"]
[Source "ChessBase"]
[SourceQuality "1"]
[TimeControl "5400+30"]

1. e4 c5 2. Nc3 Nc6 3. f4 e6 4. Nf3 d5 5. Bb5 Nge7 6. O-O a6 7. Bxc6+ Nxc6 8. d3 Be7 9. Ne2 O-O 10. c3 b5 11. Be3 Bb7 12. e5 d4 13. cxd4 cxd4 14. Bf2 Bc5 15. Rc1 $15 Qd5 16. Ng3 Rfd8 17. Ne4 Be7 18. a3 Rab8 19. Qe1 b4 20. Bh4 Qd7 21. Qg3 Kh8 22. Nfg5 Bxg5 23. Bxg5 Ne7 24. Nf6 Qb5 25. Qh3 h6 26. Bxh6 gxf6 27. Bg5+ Kg8 28. Bxf6 Kf8 29. Qh8+ Ng8 30. Qg7+ Ke8 31. Qxg8+ Kd7 32. Qxf7# 1-0

[Event "36th Indian-ch U13 Open 2023"]
[Site "Secunderabad"]
[Date "2023.12.07"]
[Round "7.5"]
[White "Mridav M"]
[Black "Venkat, Raghav"]
[Result "0-1"]
[ECO "C50"]
[WhiteElo "1545"]
[BlackElo "2205"]
[Annotator "RC"]
[PlyCount "88"]
[EventDate "2023.12.04"]
[EventType "swiss"]
[EventCountry "IND"]
[SourceTitle "playchess.com"]
[Source "ChessBase"]
[SourceQuality "1"]
[TimeControl "5400+30"]

1. e4 e5 2. Nf3 Nc6 3. Bc4 Nf6 4. d3 Bc5 5. O-O d6 6. h3 Na5 7. Bb3 Nxb3 8. axb3 c6 9. Nc3 O-O 10. Be3 Bb4 11. Bg5 Re8 12. Re1 h6 13. Bh4 g5 14. Bg3 Nh7 15. d4 f6 16. Qd3 Ba5 17. Red1 Qc7 18. b4 Bb6 19. Na4 Be6 20. c4 Qf7 21. d5 cxd5 22. cxd5 Bd7 23. Nxb6 axb6 24. Qe3 Rxa1 25. Rxa1 f5 26. Bh2 fxe4 27. Nd2 Qxd5 28. Nxe4 Bc6 29. f3 b5 30. Nf2 Qe6 31. Rd1 Nf6 32. Ng4 Nd5 33. Qd2 Rd8 34. Re1 Ra8 35. h4 Qg6 36. h5 Qe6 37. Nf2 Nf6 38. f4 gxf4 39. Bxf4 Kh8 40. Bxh6 Rg8 41. Bg5 Nh7 42. Nh3 Qg4 43. Be3 Qxh3 44. Re2 Bxg2 0-1

[Event "36th Indian-ch U13 Open 2023"]
[Site "Secunderabad"]
[Date "2023.12.07"]
[Round "7.6"]
[White "Chinmay Kowshik"]
[Black "Shenvi, Mohit"]
[Result "0-1"]
[ECO "E01"]
[WhiteElo "1761"]
[BlackElo "1940"]
[Annotator "RC"]
[PlyCount "96"]
[EventDate "2023.12.04"]
[EventType "swiss"]
[EventCountry "IND"]
[SourceTitle "playchess.com"]
[Source "ChessBase"]
[SourceQuality "1"]
[TimeControl "5400+30"]

1. d4 Nf6 2. c4 e6 3. Nf3 d5 4. g3 c6 5. Bg2 Bd6 6. Qc2 O-O 7. O-O Nbd7 8. Nbd2 Re8 9. e4 Nxe4 10. Nxe4 dxe4 11. Qxe4 Nf6 12. Qc2 h6 13. b3 Qc7 14. Bb2 b6 15. c5 bxc5 16. dxc5 Be7 17. Ne5 Nd5 18. Rfd1 Ba6 19. Ng4 Rad8 20. Be5 Qa5 21. Rd4 f5 22. Nxh6+ gxh6 23. Qd1 Nf6 24. Bxc6 Rxd4 25. Qxd4 Rd8 26. Bd6 Kf7 27. Qb2 Bxd6 28. cxd6 Rxd6 29. b4 Qb6 30. Bf3 Qd4 31. Qc1 Kg6 32. Rb1 Bc4 33. Qe1 e5 34. Rd1 Bd3 35. h4 e4 36. h5+ Kf7 37. Bg2 Nxh5 38. Kh2 Nf6 39. Rc1 Ng4+ 40. Kg1 Kg6 41. Rc7 Bb5 42. Rc1 Qd2 43. Bh3 Qxe1+ 44. Rxe1 Ne5 45. Rc1 Rc6 46. Rxc6+ Nxc6 47. a3 Nd4 48. Bg2 Nc2 0-1

[Event "36th Indian-ch U13 Open 2023"]
[Site "Secunderabad"]
[Date "2023.12.07"]
[Round "7.7"]
[White "Darshan, V P S"]
[Black "Vihaan Karthikeya N"]
[Result "1-0"]
[ECO "C06"]
[WhiteElo "1670"]
[BlackElo "1736"]
[Annotator "NA RC"]
[PlyCount "135"]
[EventDate "2023.12.04"]
[EventType "swiss"]
[EventCountry "IND"]
[SourceTitle "playchess.com"]
[Source "ChessBase"]
[SourceQuality "1"]
[TimeControl "5400+30"]

1. e4 e6 2. d4 d5 3. Nd2 Nf6 4. e5 Nfd7 5. Bd3 c5 6. c3 Nc6 7. Ne2 cxd4 8. cxd4 f6 9. exf6 Nxf6 10. Nf3 Bd6 11. O-O Qc7 12. Bg5 O-O 13. Bh4 Nh5 14. Qc2 h6 15. Bh7+ Kh8 16. Bg6 Nf4 17. Nxf4 Bxf4 18. Bg3 Bxg3 19. hxg3 Qd6 20. Rfe1 Bd7 21. Ne5 Nxe5 22. Rxe5 Rf6 23. Rd1 Rc8 24. Qb1 Qf8 25. f3 Qb4 26. b3 a5 27. g4 Be8 28. Bxe8 Rxe8 29. Qd3 Kg8 30. Qe3 Kf7 31. f4 Qd6 32. Re1 Qd7 33. g3 g6 34. Qd2 b6 35. Qh2 Qc8 36. R5e3 Rh8 37. Qd2 Qd7 38. Kg2 Qc8 39. Rc1 Qd7 40. Rec3 Kg8 41. Rc7 Qd6 42. R1c6 Qa3 43. Rxb6 Rh7 44. Rc5 Ra7 45. g5 hxg5 46. fxg5 Rf5 47. Rxe6 Kh7 48. Rf6 Qb4 49. Qe3 Rf7 50. Rxf5 gxf5 51. Qe6 Qb7 52. g6+ Kg7 53. Qxf7+ Qxf7 54. gxf7 Kxf7 55. Rxd5 f4 56. g4 f3+ 57. Kf1 f2 58. g5 a4 59. b4 a3 60. Re5 Kg6 61. b5 Kh5 62. g6+ Kxg6 63. b6 Kf6 64. b7 Kf7 65. b8=Q Kg7 66. Qc7+ Kf6 67. Qd6+ Kg7 68. Re7+ 1-0

[Event "36th Indian-ch U13 Open 2023"]
[Site "Secunderabad"]
[Date "2023.12.07"]
[Round "7.8"]
[White "Malvin Joshua"]
[Black "Vatsal Singla"]
[Result "0-1"]
[ECO "B96"]
[WhiteElo "1540"]
[BlackElo "1714"]
[Annotator "NA RC"]
[PlyCount "122"]
[EventDate "2023.12.04"]
[EventType "swiss"]
[EventCountry "IND"]
[SourceTitle "playchess.com"]
[Source "ChessBase"]
[SourceQuality "1"]
[TimeControl "5400+30"]

1. e4 c5 2. Nf3 d6 3. d4 cxd4 4. Nxd4 Nf6 5. Nc3 a6 6. Bg5 e6 7. f4 h6 8. Bh4 Qb6 9. a3 Be7 10. Bf2 Qc7 11. Qf3 b5 12. O-O-O Bb7 13. Bd3 Nbd7 14. Rhe1 Nc5 15. g4 d5 16. e5 Nfe4 17. Bxe4 Nxe4 18. Re3 b4 19. axb4 Bxb4 20. Na2 Bc5 21. Bg3 Qa5 22. Nc3 Nxc3 23. bxc3 Rb8 24. Red3 O-O 25. f5 Rfc8 26. Kd2 Bxd4 27. Rxd4 Rc4 28. Bf2 Ba8 29. f6 Rbc8 30. Rxc4 dxc4 31. Qe3 Rd8+ 32. Ke1 gxf6 33. Rxd8+ Qxd8 34. Qxh6 Bf3 35. Qd2 Qxd2+ 36. Kxd2 fxe5 37. h3 f5 38. Bb6 Kf7 39. Bc7 Kf6 40. Bd8+ Kg6 41. Bc7 e4 42. Ke3 Bg2 43. gxf5+ exf5 44. h4 Kh5 45. Kf4 Bh3 46. Bd8 Bg4 47. Bb6 Kxh4 48. Ke3 Kg3 49. Bc7+ Kg2 50. Bd6 a5 51. Bc7 a4 52. Bd6 Bd1 53. Kd2 Kf1 54. Kxd1 e3 55. Bg3 e2+ 56. Kd2 f4 57. Be1 f3 58. Ke3 Kxe1 59. Kxf3 Kd2 60. Ke4 e1=Q+ 61. Kd5 Kxc3 0-1

[Event "36th Indian-ch U13 Open 2023"]
[Site "Secunderabad"]
[Date "2023.12.07"]
[Round "7.9"]
[White "Sagnik Dutta"]
[Black "Vignesh Kannan P"]
[Result "1/2-1/2"]
[ECO "D40"]
[WhiteElo "1520"]
[BlackElo "1648"]
[Annotator "NA RC"]
[PlyCount "55"]
[EventDate "2023.12.04"]
[EventType "swiss"]
[EventCountry "IND"]
[SourceTitle "playchess.com"]
[Source "ChessBase"]
[SourceQuality "1"]
[TimeControl "5400+30"]

1. d4 Nf6 2. Nf3 d5 3. e3 c5 4. c4 e6 5. Nc3 Nc6 6. a3 a6 7. dxc5 Bxc5 8. b4 Be7 9. Bb2 O-O 10. cxd5 exd5 11. h3 Be6 12. Bd3 Nd7 13. O-O Bf6 14. Qc2 h6 15. Ne2 Rc8 16. Qd2 Nde5 17. Nxe5 Nxe5 18. Bxe5 Bxe5 19. Nd4 Bxh3 20. gxh3 Qg5+ 21. Kh1 Bxd4 22. f4 Qg3 23. exd4 Qxh3+ 24. Kg1 Qg3+ 25. Kh1 Qh3+ 26. Kg1 Qg3+ 27. Kh1 Qh3+ 28. Kg1 1/2-1/2

[Event "36th Indian-ch U13 Open 2023"]
[Site "Secunderabad"]
[Date "2023.12.07"]
[Round "7.10"]
[White "Banik Hrishikesh Kumar"]
[Black "Aaryan Balaji Rao"]
[Result "1-0"]
[ECO "B42"]
[WhiteElo "1627"]
[BlackElo "1556"]
[Annotator "NA RC"]
[PlyCount "79"]
[EventDate "2023.12.04"]
[EventType "swiss"]
[EventCountry "IND"]
[SourceTitle "playchess.com"]
[Source "ChessBase"]
[SourceQuality "1"]
[TimeControl "5400+30"]

1. e4 c5 2. Nf3 e6 3. d4 cxd4 4. Nxd4 a6 5. Bd3 Qc7 6. O-O Nc6 7. Nxc6 dxc6 8. Qe2 e5 9. a4 Bc5 10. Nd2 Ne7 11. Nc4 O-O 12. Ne3 Ng6 13. g3 Bh3 14. Rd1 b5 15. Nf5 Ne7 16. Nxg7 Kxg7 17. Qh5 f5 18. Bh6+ Kh8 19. Bxf8 Rxf8 20. Qxh3 f4 21. Rd2 Qb6 22. Kg2 bxa4 23. c3 Ng6 24. Qe6 a5 25. Rad1 Qa7 26. Bc4 fxg3 27. fxg3 Qg7 28. Kh1 Be7 29. Rf1 Qh6 30. Rxf8+ Qxf8 31. Qf7 Qxf7 32. Bxf7 Bg5 33. Rd1 Ne7 34. Ra1 Kg7 35. Bc4 Nc8 36. Bd3 Nb6 37. Bc2 Nc4 38. Bxa4 c5 39. Bb5 Nxb2 40. Rb1 1-0

[Event "36th Indian-ch U13 Open 2023"]
[Site "Secunderabad"]
[Date "2023.12.08"]
[Round "8.1"]
[White "Sharnarthi Viresh"]
[Black "Vivaan Vijay Saraogi"]
[Result "1-0"]
[ECO "A43"]
[WhiteElo "1850"]
[BlackElo "1982"]
[Annotator "RC"]
[PlyCount "79"]
[EventDate "2023.12.04"]
[EventType "swiss"]
[EventCountry "IND"]
[SourceTitle "playchess.com"]
[Source "ChessBase"]
[SourceQuality "1"]
[TimeControl "5400+30"]

1. d4 Nf6 2. Nf3 c5 3. d5 b5 4. Bg5 Qb6 5. Bxf6 Qxf6 6. c3 Qb6 7. e4 g6 8. Nbd2 Bg7 9. a4 b4 10. Nc4 Qb7 11. Qc2 O-O 12. Bd3 Na6 13. O-O Qc7 14. h4 d6 15. h5 Qd8 16. e5 Nc7 17. hxg6 fxg6 18. Rfe1 Rxf3 19. gxf3 Nxd5 20. Qd2 bxc3 21. bxc3 e6 22. Nxd6 Qh4 23. Re4 Qh5 24. Rae1 Bh6 25. Qb2 Qxf3 26. Be2 Qxc3 27. Qxc3 Nxc3 28. Rh4 Bd2 29. Bf3 Rb8 30. Ra1 Bd7 31. Rc4 a6 32. Rxc5 Nxa4 33. Rc7 Bb5 34. Bg4 Bf4 35. Bxe6+ Kh8 36. Kg2 Be8 37. Nxe8 Bxe5 38. Rxa4 Bxc7 39. Nxc7 Rb6 40. Rxa6 1-0

[Event "36th Indian-ch U13 Open 2023"]
[Site "Secunderabad"]
[Date "2023.12.08"]
[Round "8.2"]
[White "Mrinmoy Rajkhowa"]
[Black "Adharsh K"]
[Result "1/2-1/2"]
[ECO "B30"]
[WhiteElo "1840"]
[BlackElo "1831"]
[Annotator "NA RC"]
[PlyCount "97"]
[EventDate "2023.12.04"]
[EventType "swiss"]
[EventCountry "IND"]
[SourceTitle "playchess.com"]
[Source "ChessBase"]
[SourceQuality "1"]
[TimeControl "5400+30"]

1. e4 c5 2. Nf3 Nc6 3. Bc4 e6 4. O-O d5 5. Bb5 dxe4 6. Ne5 Qc7 7. Nxc6 bxc6 8. Bc4 Bd6 9. Nc3 Nf6 10. h3 Bh2+ 11. Kh1 Be5 12. Qe2 O-O 13. Nxe4 Nxe4 14. Qxe4 f5 15. Qe2 Kh8 16. d3 Bf6 17. Rb1 e5 18. f4 Re8 19. Qf2 e4 20. Qxc5 Qb6 21. Be3 Be6 22. Bxe6 Qxc5 23. Bxc5 Rxe6 24. d4 Bh4 25. Kh2 Rg6 26. g4 fxg4 27. f5 Rh6 28. d5 cxd5 29. Rfd1 {[%emt 0:01:14] [#]} ({White should try} 29. Be3 $1 $15 g3+ 30. Kg2) 29... Rd8 ({Black should try} 29... Bf6 $1 $17 30. Kg3 Rxh3+ 31. Kxg4 Rh2) 30. Be3 Rc6 31. c3 gxh3 32. Kxh3 Bf6 33. Bxa7 Ra6 34. Bd4 Rxa2 35. Bxf6 gxf6 36. Kg4 Ra7 37. Kf4 Re7 38. Rd4 Ree8 39. Rbd1 e3 40. Re1 e2 41. Kf3 Re5 42. Rxe2 Rxf5+ 43. Kg4 Rf1 44. Kh3 Rg1 45. c4 Rdg8 46. Rxd5 R1g3+ 47. Kh2 R3g4 48. Rh5 Rxc4 49. Re7 $11 1/2-1/2